 Dungeon Crawl Stone Soup version 0.25-a0-734-g73332aeda9 (webtiles) character file.

Game seed: 15979004942228188153, levelgen mode: deterministic

7 Maedhros the Charlatan (level 2, -1/18 HPs)
             Began as an Octopode Artificer on Apr 10, 2020.
             Slain by a goblin
             ... wielding a +1 dagger of pain
             ... led by Robin
              (3 damage)
             ... on level 3 of the Dungeon.
             The game lasted 00:00:49 (129 turns).

Maedhros the Charlatan (Octopode Artificer)          Turns: 129, Time: 00:00:50

Health: -1/18      AC:  1    Str: 11    XL:     2   Next: 4%
Magic:  4/4        EV: 13    Int: 13    God:
Gold:   14         SH:  0    Dex: 12    Spells: 1/1 levels left

rFire    . . .     SeeInvis .   a - +0 short sword
rCold    . . .     Gourm    .   (no shield)
rNeg     . . .     Faith    .   (helmet restricted)
rPois    .         Spirit   .   (no amulet)
rElec    .         Reflect  .   (no ring)
rCorr    .         Harm     .   (no ring)
MR       .....                  (no ring)
Stlth    +++.......             (no ring)
HPRegen  0.06/turn              (no ring)
MPRegen  0.09/turn              (no ring)
                                (no ring)
                                (no ring)

@: no status effects
A: almost no armour, stealthy swim, amphibious, 8 rings, constrict 8, camouflage
1, gelatinous body 1
a: no special abilities


You were on level 3 of the Dungeon.
You were not hungry.

You visited 1 branch of the dungeon, and saw 3 of its levels.

You collected 14 gold pieces.

Inventory:

Hand Weapons
 a - a +0 short sword (weapon)
Wands
 b - a wand of flame (15)
 c - a wand of enslavement (13)
 d - a wand of random effects (15)
Scrolls
 h - a scroll of magic mapping {unknown}
Potions
 e - a potion of berserk rage {unknown}
 g - a potion of brilliance {unknown}
Comestibles
 f - 2 rations


   Skills:
 - Level 1.0 Fighting
 - Level 1.0 Short Blades
 - Level 2.0 Dodging
 + Level 2.3 Stealth
 + Level 3.6 Evocations


You had one spell level left.
You didn't know any spells.
Your spell library was empty.

Dungeon Overview and Level Annotations

Branches:
Dungeon (3/15)

Altars:

Annotations:
D:3 Ijyb, Jessica, Robin


Innate Abilities, Weirdness & Mutations

You cannot wear most types of armour.
You are very stealthy in the water. (Stealth+)
You are amphibious.
You can wear up to eight rings at the same time.
You can use your tentacles to constrict eight enemies at once.
Your skin changes colour to match your surroundings (Stealth+).
Your rubbery body absorbs attacks. (AC +1, EV +1)


Message History

Okay, then.
A goblin comes into view. It is wielding a +0 club.
The hobgoblin shouts!
The goblin shouts!
You hear a shout! x2; Ijyb shouts!
An orc comes into view. It is wielding a +0 dagger.
Found a ration.
Evoke which item? (* to show all) (? for menu, Esc to quit)
Aiming: Enslavement
Press: ? - help, Shift-Dir - straight line, f - goblin
Aim: a goblin, wielding a +1 dagger of pain (moderately wounded, unusually strong, chance to defeat MR: 73%) Ijyb struggles to resist.
Robin throws the goblin at you!
Jessica casts a spell.
Jessica seems to speed up.
Evoke which item? (* to show all) (? for menu, Esc to quit)
Aiming: Enslavement
Press: ? - help, Shift-Dir - straight line, f - goblin
Aim: a goblin, wielding a +1 dagger of pain (moderately wounded, unusually strong, chance to defeat MR: 73%)
The goblin is charmed.
Ijyb screams, "Die!"
The goblin hits you with a +1 dagger of pain.
You die...

#....%..# #....go.#
#.......# #.......#
##.......#
#########........#
#...ggg.gg.......#
#..g...###@g..g..#
#.....#g.#.......#
##..grg##.#g#######
#.g.g.<##...#
#.......#...##
..gg......@.#
........##...
........##.#.#
.......###.#..


You could see Ijyb, Robin, Jessica, an orc, 2 hobgoblins, 4 goblins and a
friendly goblin.

Vanquished Creatures
  A hobgoblin (D:2)
  A quokka (D:2)
  A bat (D:2)
  2 kobolds (D:2)
  4 rats
9 creatures vanquished.

Notes
Turn   | Place    | Note
-------+----------+-------------------------------------------
     0 | D:1      | Maedhros the Octopode Artificer began the quest for the
                  | Orb.
     0 | D:1      | Reached XP level 1. HP: 13/13 MP: 3/3
   109 | D:2      | Reached XP level 2. HP: 10/18 MP: 4/4
   117 | D:3      | Noticed Robin
   121 | D:3      | Noticed Jessica
   125 | D:3      | Noticed Ijyb
   129 | D:3      | Slain by a goblin

Levels and vault maps discovered:
D:1:      erik_arrival_orb_chamber, layout_loops_cross, skrybe_limestone_x
D:2:      layout_basic, fedhas_altar_fruit_tree
D:3:      cheibrodos_helix_gallery, layout_rooms, first_ration,
          okawaru_altar_gauntlet_db, uniq_jessica, uniq_ijyb, uniq_robin,
          uniq_sigmund

Skill      XL: |  1 |
---------------+----+-----
Stealth        | 2 |  2.3
Fighting       | |  1.0
Short Blades   | |  1.0
Dodging        | |  2.0
Evocations     | |  3.6

Action                   || total
-------------------------++-------
Melee: Short sword       ||    20
       Constrict         ||     4
       Tentacles         ||     3
Evoke: Wand              ||     2
Armor: Skin              ||     3
Dodge: Dodged            ||    11

Table legend:
 A = Non-vault XP
 B = Vault XP
 C = Vault XP percentage of total XP
 D = Non-vault monster count
 E = Vault monster count
 F = Vault count percentage of total count
                 A         B        C        D         E       F
            +---------+---------+-------+---------+---------+-------
      Total |      10 |       1 |   9.1 |       8 |       1 |  11.1
            +---------+---------+-------+---------+---------+-------
        D:1 |       1 |       1 |  50.0 |       1 |       1 |  50.0
        D:2 |       9 |       0 |   0.0 |       7 |       0 |   0.0
            +---------+---------+-------+---------+---------+-------
